 Dungeon Crawl Stone Soup version 0.32-a0-85-g672eff3212 (webtiles) character file.

Game seed: 11024966439496704384

391 senseless the Ruffian (level 6, -10/52 HPs)
             Began as a Draconian Shapeshifter on Feb 5, 2024.
             Was an Initiate of Gozag.
             Mangled by an ogre
             ... wielding a +0 giant club
              (21 damage)
             ... on level 4 of the Dungeon.
             The game lasted 00:08:14 (3088 turns).

senseless the Ruffian (Draconian Shapeshifter)      Turns: 3088, Time: 00:08:15

Health: -10/52     AC:  6    Str: 22    XL:     6   Next: 50%
Magic:  15/15      EV: 12    Int:  7    God:    Gozag
Gold:   508        SH:  0    Dex: 10    Spells: 4/5 levels left

rFire   . .          .
                       - Unarmed
rCold   . . .        (no shield)
rNeg    . . .        (body armour unavailable)
rPois   .            (helmet currently unavailable)
rElec   +            (cloak currently unavailable)
rCorr   .            (gloves currently unavailable)
SInv    .            (boots currently unavailable)
Will    .....        l - amulet of Patasoef {RegenMP rElec MP+9 Str+4 Int-4}
Stlth   +            (no ring)
HPRegen 0.28/turn    (no ring)
MPRegen 0.54/turn

%: no passive effects
@: beast-form
A: beast (slay +2), AC +6, unfitting armour, cold-blooded
a: Begin Untransformation, Renounce Religion, Potion Petition, Call Merchant,
Bribe Branch


You were on level 4 of the Dungeon.
You worshipped Gozag.
Gozag was pleased with you.
You were a hulking beast.
You visited 1 branch of the dungeon, and saw 4 of its levels.

You collected 551 gold pieces.
You paid 43 gold pieces to Gozag.

Inventory:

Hand Weapons
 m - a +3 quarterstaff of chaos
 s - a +3 short sword of speed
Armour
 a - a +1 cloak
Jewellery
 l - the amulet of Patasoef (around neck) {RegenMP rElec MP+9 Str+4 Int-4}
   (You found it on level 2 of the Dungeon)

   [amulet of magic regeneration]

   RegenMP:   It increases your rate of magic regeneration.
   Str+4:     It affects your strength (+4).
   Int-4:     It affects your intelligence (-4).
   rElec:     It insulates you from electricity.
   MP+9:      It affects your magic capacity (+9).
Talismans
 b - a beast talisman
 c - a flux talisman
Wands
 j - a wand of roots (8)
Scrolls
 d - 4 scrolls of teleportation
 f - a scroll of enchant armour
 h - 2 scrolls of vulnerability
 k - a scroll of butterflies
 p - a scroll of noise
Potions
 e - a potion of heal wounds
 g - 3 potions of mutation
 i - a potion of attraction {unknown}
 r - 2 potions of lignification
 t - a potion of cancellation {unknown}


   Skills:
 + Level 3.7 Fighting
 + Level 3.4 Dodging
 + Level 4.5 Unarmed Combat
 + Level 4.2 Shapeshifting


You had 4 spell levels left.
You knew the following spells:

 Your Spells              Type           Power      Damage    Failure   Level
a - Summon Small Mammal   Summ           0%         N/A       43%         1

Your spell library contained the following spells:

 Spells                   Type           Power      Damage    Failure   Level
 Call Canine Familiar     Summ           0%         N/A       80%         3
 Summon Blazeheart Golem  Fire/Summ      0%         N/A       99%         4


Dungeon Overview and Level Annotations

Branches:
Dungeon (4/15)
 Temple: D:4-7

Altars:
Gozag


Innate Abilities, Weirdness & Mutations

You are a hulking beast.
Your limbs bulge with bestial killing power. (Slay +2)
Your plain brown scales are hard. (AC +6)
You cannot fit into any form of body armour.
You are cold-blooded and may be slowed by cold attacks.


Message History

You feel sick.
You are no longer poisoned.
The kobold closely misses you.
The ogre is distracted by your dazzling golden aura.
The kobold hits you with a +0 short sword.
The ogre shouts!
You punch the kobold!
You kill the kobold!
The ogre is no longer distracted by gold.
The kobold closely misses you.
You hit the kobold. You punch the kobold.
You kill the kobold!
No target in view!
You start resting.
An ogre is nearby!
Things that are here:
5 gold pieces; a +0 short sword The ogre barely misses your rat.
Your rat bites the ogre.
Your rat closely misses the ogre.
The ogre closely misses your rat.
There is an open gate here.
Your rat bites the ogre.
Your rat barely misses the ogre.
Your rat bites the ogre.
You punch the ogre! You tail-slap the ogre.
The ogre is heavily wounded.
The ogre hits you with a +0 giant club!!
Ouch! That really hurt!
* * * LOW HITPOINT WARNING * * *
You hit the ogre.
The ogre is severely wounded.
Your rat bites the ogre.
Your rat barely misses the ogre.
You barely miss the ogre.
The ogre is severely wounded.
Your rat bites the ogre.
Your rat barely misses the ogre.
The ogre closely misses you.
You hit the ogre.
The ogre is almost dead.
Your rat barely misses the ogre. x2
The ogre hits you with a +0 giant club!!
You die...
Your body crumbles into a pile of gold.

......#.........##...
...................##
#...................#
#.....>.........<.#
#.....#.##.......# #####
#...###.##..#.#..# #....#
....##.....##.##$##.....#
#...#...#...#.##Or$.....#
##......#..##.#.hr$.....$.
.#......##.##....'........
..>.#..........#.##.......
...##.........##.# #......
#..##(........#..## ######
..................######
#.#...............b.....
##### .. ....... #.......#
b..... ##.##..b.b.##
#.b....


You could see an ogre (ally target) and 2 friendly rats.

Vanquished Creatures
  A sky beast (D:3)
  A scorpion (D:4)
  A bombardier beetle (D:2)
  Crazy Yiuf (D:2)
  3 iguanas
  2 adders
  4 ribbon worms
  2 dart slugs
  An orc (D:3)
  11 endoplasms
  4 giant cockroaches
  6 hobgoblins
  2 jackals
  9 kobolds
  4 quokkas
  8 ball pythons
  4 bats
  3 frilled lizards
  7 goblins
  4 rats
78 creatures vanquished.

Notes
Turn   | Place    | Note
-------+----------+-------------------------------------------
     0 | D:1      | senseless the Draconian Shapeshifter began the quest for
                  | the Orb.
     0 | D:1      | Reached XP level 1. HP: 16/16 MP: 1/1
   311 | D:1      | Reached XP level 2. HP: 23/23 MP: 2/2
  1106 | D:2      | Reached XP level 3. HP: 26/29 MP: 3/3
  1267 | D:2      | Found an opulent altar of Gozag.
  1273 | D:2      | Became a worshipper of Gozag Ym Sagoz the Greedy
  1317 | D:2      | Found a runed translucent door.
  1318 | D:2      | Noticed Crazy Yiuf
  1406 | D:2      | Learned a level 1 spell: Summon Small Mammal
  1603 | D:2      | Reached XP level 4. HP: 24/37 MP: 4/4
  1940 | D:2      | Identified the amulet of Patasoef {RegenMP rElec MP+9 Str+4
                  | Int-4}
  2134 | D:2      | Killed Crazy Yiuf
  2135 | D:2      | Reached XP level 5. HP: 44/44 MP: 5/5
  2341 | D:3      | Noticed a sky beast
  2354 | D:3      | Killed a sky beast
  2661 | D:3      | Found a faded altar of an unknown god.
  2823 | D:4      | Reached XP level 6. HP: 51/51 MP: 6/6
  3088 | D:4      | Mangled by an ogre

Illustrated notes

Levels and vault maps discovered:
D:1:      dpeg_cavernosity, layout_basic
D:2:      layout_basic, basic_altar, minmay_divided_ellipse,
          uniq_crazy_yiuf_cottage
D:3:      layout_basic, hellmonk_ecumenical_altar_inner_sanctum
D:4:      cheibrodos_fertilizer, layout_cave_pools, portal_sewer_entry_e,
          st_stairs_13

Skill      XL: |  1  2  3  4  5 |
---------------+----------------+-----
Dodging        | 2 3 |  3.4
Fighting       | 2 3 |  3.7
Unarmed Combat | 4 |  4.5
Shapeshifting  | 4 |  4.2

Action                     |  1- 3 |  4- 6 || total
---------------------------+-------+-------++-------
  Melee: Unarmed           |    84 |   151 ||   235
         Punch             |     3 |     9 ||    12
         Tailslap          |     6 |    17 ||    23
   Cast: Summon Small Mamm |     2 |    12 ||    14
    Use: Potion            |       |     1 ||     1
         Scroll            |       |    10 ||    10
   Stab: Distracted        |       |     1 ||     1
 Armour: Skin              |    31 |    61 ||    92
  Dodge: Dodged            |    48 |    61 ||   109

Table legend: (Time is in decaauts)
 A = Elapsed time spent in this place.
 B = Non-inter-level travel time spent in this place.
 C = Inter-level travel time spent in this place.
 D = Time resting spent in this place.
 E = Time spent auto-exploring this place.
 F = Levels seen in this place.
 G = Mean time per level.
                   A        B        C        D        E       F      G
               +--------+--------+--------+--------+--------+-----+--------+
         Total |   3073 |   2889 |    184 |    206 |   2131 |   4 |  768.2 |
       Dungeon |   3073 |   2889 |    184 |    206 |   2131 |   4 |  768.2 |
               +--------+--------+--------+--------+--------+-----+--------+

Top non-repeatable levels by time:
     D:1: 1141 daAuts
     D:2: 1055 daAuts
     D:3: 532 daAuts
     D:4: 345 daAuts
